Map: Heavy Artillery LE

Players

Crag

  • Race: Terran Terran
  • League: Diamond
  • Spawn Location: 7:00

Volatile

  • Race: Zerg Zerg
  • Spawn Location: 7:00

Skippers - Winner!

  • Race: Zerg Zerg
  • League: Diamond
  • Spawn Location: 1:00

Baffron - Winner!

  • Race: Protoss Protoss
  • League: Diamond
  • Spawn Location: 3:00

VOD

Have the link to the VOD?

Description

Time

  • Played on: April 29, 2020, 3:05 p.m.
  • Length: 13:04
Show
View Real Time Build Order
Export as new Build Order

Crag Terran 

Build Orders: 1/1/1, Liberator Opening 

Get SALT Encoding   

  12  0:01  SCV  
  13  0:13  SCV  
  14  0:17  Supply Depot  
  14  0:25  SCV  
  15  0:38  Refinery  
  15  0:41  Barracks  
  15  0:44  SCV  
  16  0:51  Refinery  
  16  0:56  SCV  
  17  1:11  SCV  
  18  1:23  SCV  
  19  1:29  Factory  
  19  1:35  Orbital Command  
  19  1:37  Barracks Reactor  
  19  1:46  Supply Depot  
  19  2:01  SCV  
  20  2:17  Reaper x2  
  20  2:19  Factory Tech Lab  
  22  2:26  SCV  
  22  2:27  Starport  
  23  2:38  SCV  
  23  2:41  Siege Tank  
  27  2:51  Supply Depot  
  27  3:02  Reaper x2  
  29  3:10  SCV  
  30  3:15  Command Center  
  30  3:45  SCV  
  31  3:57  SCV  
  31  3:59  Siege Tank  
  31  4:02  Liberator  
  38  4:08  Supply Depot  
  38  4:09  SCV  
  37  4:21  SCV  
  37  4:33  SCV  
  37  4:36  Reaper x2  
  37  4:37  Siege Tank  
  43  5:00  Starport Tech Lab  
  43  5:36  Siege Tank  
  46  6:08  Marine, Siege Tank  
  46  6:10  Reaper  
  51  6:12  Viking  
  54  6:18  SCV  
  54  6:19  SCV  
  55  6:26  Marine  
  55  6:40  Siege Tank  
  55  6:42  Marine  
  56  6:57  Liberator  
  53  7:16  Orbital Command  
  53  7:24  Barracks  
  53  7:26  Barracks x2  
  53  7:29  Engineering Bay, Barracks x2  
  50  7:30  SCV  
  50  7:33  Marine x2  
  49  7:42  SCV  
  49  7:43  SCV  
  43  7:51  Marine x2  
  44  7:54  SCV  
  44  7:55  SCV  
  45  8:01  Missile Turret  
  34  8:07  SCV  
  34  8:08  Marine  
  34  8:09  Marine  
  36  8:14  Missile Turret  
  30  8:24  Raven  
  30  8:26  Marine x2  
  26  8:34  Marine x3  
  19  8:44  Marine x2  
  19  8:48  Widow Mine  
  20  8:52  Marine x2  
  20  9:07  Marine x2  
  20  9:09  Widow Mine  
  20  9:27  Orbital Command  
  20  9:28  Marine  
  20  9:31  Widow Mine  
  20  9:34  Marine x4  
  20  9:35  SCV  
  25  9:43  Command Center  
  25  9:44  Barracks  
  25  9:46  Marine  
  25  9:47  SCV, Barracks x2  
  25  9:48  Bunker  
  25  9:51  Marine  
  25  9:52  Marine  
  29  9:59  SCV  
  23  10:11  SCV  
  18  10:15  SCV  
  18  10:18  Marine x5  
  20  10:23  SCV  
  20  10:27  SCV  
  17  10:35  SCV  
  17  10:36  Marine x2  
  20  10:49  SCV  
  22  10:50  SCV  
  22  11:02  Missile Turret  
  22  11:24  SCV x2  
  26  11:33  Widow Mine  
  26  11:36  SCV  
  27  11:44  Marine  
  27  11:45  Marine x2  
  30  12:04  Marine x5  
  30  12:06  Orbital Command  
  35  12:11  Widow Mine  
  35  12:12  Medivac  
  39  12:22  SCV x2, Marine x4  
  45  12:32  Supply Depot  
  45  12:35  Marine  
  43  12:44  Marine x4  
Show
View Real Time Build Order
Export as new Build Order

Volatile Zerg 

Build Orders: Hatch First 

Get SALT Encoding   

  12  0:00  Drone  
  13  0:13  Overlord  
  13  0:16  Drone  
  14  0:31  Drone x2  
  16  0:49  Hatchery  
  15  0:52  Drone  
  15  0:56  Drone  
  17  1:06  Extractor  
  16  1:12  Spawning Pool  
  16  1:15  Drone  
  16  1:18  Drone  
  17  1:21  Drone  
  18  1:29  Drone  
  19  1:39  Drone  
  20  1:51  Hatchery  
  20  2:06  Drone  
  20  2:07  Drone  
  22  2:10  Metabolic Boost  
  22  2:29  Overlord  
  22  2:31  Hatchery  
  22  2:32  Zergling x2  
  23  2:46  Queen  
  25  2:55  Spine Crawler  
  25  2:58  Zergling x4  
  25  2:59  Zergling x2  
  25  3:05  Spine Crawler  
  26  3:18  Zergling x2  
  27  3:41  Zergling x4  
  27  3:44  Drone  
  27  3:45  Drone  
  31  3:48  Hatchery  
  31  3:52  Overlord  
  31  3:54  Queen  
  31  3:55  Queen  
  34  4:05  Drone  
  34  4:06  Drone  
  36  4:21  Drone  
  36  4:22  Drone x2  
  36  4:24  Hatchery, Drone  
  38  4:25  Drone  
  38  4:29  Evolution Chamber  
  39  4:34  Baneling Nest  
  39  4:36  Drone  
  39  4:44  Zergling x6  
  42  4:54  Zergling x4  
  42  4:56  Overlord  
  42  4:59  Zerg Melee Weapons Level 1  
  44  5:05  Queen  
  46  5:11  Zergling x8  
  50  5:15  Zergling x4  
  52  5:23  Baneling x2  
  52  5:31  Zergling x4  
  52  5:32  Zergling x8  
  52  5:34  Overlord  
  58  5:39  Zergling x8  
  62  5:48  Queen  
  64  5:53  Drone x3  
  64  5:54  Drone  
  64  5:55  Drone  
  69  6:08  Baneling x2  
  69  6:09  Zergling x6  
  69  6:11  Overlord x2  
  58  6:56  Spore Crawler  
  58  6:57  Spore Crawler  
  58  6:59  Spore Crawler  
  58  7:00  Spore Crawler  
  48  7:01  Spore Crawler  
  48  7:02  Spore Crawler  
  48  7:03  Spore Crawler  
  48  7:04  Queen  
  48  7:05  Queen x3  
  48  7:06  Spore Crawler  
  51  7:14  Spore Crawler, Drone x2  
  42  7:34  Drone  
  43  7:41  Lair, Queen x2  
  47  7:50  Drone x3  
  50  7:55  Drone x2, Extractor  
  50  7:56  Drone  
  52  7:59  Drone x3, Extractor  
  54  8:07  Zergling x6  
  54  8:08  Zergling x12  
  54  8:09  Zergling x2  
  64  8:18  Drone  
  61  8:42  Overseer  
  61  8:44  Overseer x2  
  55  9:14  Spire  
  53  9:21  Zergling x2  
  53  9:22  Zergling x20  
  64  9:41  Zerg Melee Weapons Level 2  
  64  9:44  Overlord x2  
  64  9:45  Overlord x2  
  64  10:02  Queen  
  65  10:25  Drone x3, Extractor  
  67  10:31  Drone x3, Extractor  
  67  10:35  Drone x3  
  72  10:37  Extractor  
  72  10:38  Queen, Corruptor x3  
  72  10:39  Corruptor x3  
  85  10:44  Zerg Flyer Weapons Level 1  
  85  11:03  Corruptor  
  81  11:06  Zergling x2  
  81  11:07  Zergling x18  
  81  11:08  Overlord  
  81  11:09  Overlord x2  
  89  11:24  Corruptor  
  90  11:26  Overlord x2  
  90  11:27  Overlord  
  89  11:35  Drone, Corruptor  
  87  11:50  Corruptor x2  
  87  12:03  Corruptor x2  
  91  12:15  Drone x5  
  96  12:26  Baneling x3  
  96  12:27  Baneling x5  
Show
View Real Time Build Order
Export as new Build Order

Skippers Zerg - Winner!

Build Orders: Hatch First 

Get SALT Encoding   

  12  0:01  Drone  
  13  0:12  Overlord  
  13  0:16  Drone  
  14  0:30  Drone  
  14  0:31  Drone  
  16  0:49  Hatchery  
  15  0:54  Drone  
  15  0:55  Drone  
  17  1:09  Spawning Pool  
  16  1:12  Drone  
  16  1:15  Drone  
  18  1:19  Extractor  
  18  1:22  Drone  
  18  1:32  Overlord  
  18  1:49  Drone  
  18  1:51  Drone  
  20  1:58  Queen  
  20  2:01  Queen  
  22  2:02  Zergling x4  
  26  2:12  Drone  
  28  2:15  Drone  
  29  2:22  Drone  
  29  2:25  Overlord  
  29  2:35  Drone  
  30  2:43  Drone  
  32  2:44  Drone, Metabolic Boost  
  32  2:49  Queen  
  32  2:50  Drone  
  35  2:55  Drone  
  35  2:56  Drone  
  37  3:08  Drone  
  37  3:09  Drone x4  
  42  3:16  Overlord  
  42  3:25  Zergling x2  
  43  3:31  Zergling x2  
  43  3:34  Overlord  
  43  3:50  Zergling x6  
  43  3:53  Drone x2  
  43  3:54  Lair  
  48  4:07  Zergling x6  
  51  4:11  Hatchery  
  50  4:19  Drone x3, Extractor  
  50  4:20  Drone, Extractor  
  50  4:23  Extractor  
  50  4:37  Drone x2  
  50  4:38  Drone x2  
  54  4:40  Drone x2  
  54  4:41  Drone x3  
  59  4:46  Overlord x2  
  59  5:01  Overlord  
  59  5:07  Spire  
  58  5:15  Zergling x8  
  58  5:16  Zergling x8  
  66  5:27  Overlord, Baneling Nest  
  65  5:32  Zergling x2  
  65  5:33  Zergling x6  
  69  5:40  Overlord  
  69  5:41  Overlord  
  69  5:47  Zergling x10  
  70  6:13  Baneling  
  70  6:14  Baneling x4  
  70  6:16  Zergling x2  
  70  6:17  Zergling x10  
  76  6:19  Overlord  
  76  6:20  Mutalisk x6  
  68  6:36  Mutalisk x3  
  54  7:04  Drone x7  
  54  7:05  Drone x4  
  54  7:07  Queen  
  54  7:08  Queen  
  52  7:30  Mutalisk  
  52  7:31  Mutalisk x3  
  60  7:41  Zerg Flyer Weapons Level 1  
  58  7:51  Drone  
  58  7:52  Drone x6  
  65  8:01  Hatchery  
  64  8:43  Drone x5  
  64  8:44  Drone x6  
  73  9:36  Queen  
  75  9:47  Extractor x2  
  73  9:54  Overlord x3  
  73  9:55  Zergling x2  
  73  9:56  Zergling x14  
  81  10:00  Infestation Pit  
  81  10:02  Evolution Chamber  
  81  10:04  Evolution Chamber  
  72  10:30  Zerg Melee Weapons Level 1, Zerg Ground Armor Level 1  
  72  10:45  Mutalisk  
  72  10:46  Mutalisk x9  
  90  11:13  Pathogen Glands  
  90  11:15  Hive  
  90  11:19  Zergling x8  
  90  11:20  Zergling x14  
  90  11:21  Centrifical Hooks  
  95  11:57  Zergling x24  
  95  11:59  Baneling x6  
  95  12:00  Baneling x11  
  107  12:29  Hatchery  
Show
View Real Time Build Order
Export as new Build Order

Baffron Protoss - Winner!

Build Orders: Cannon Rush 

Get SALT Encoding   

  12  0:01  Probe  
  13  0:13  Probe  
  14  0:17  Pylon  
  14  0:25  Probe (Chrono Boost)  
  15  0:37  Probe (Chrono Boost)  
  15  0:38  Forge  
  16  0:45  Probe (Chrono Boost)  
  17  0:51  Probe  
  18  1:03  Probe (Chrono Boost)  
  19  1:06  Pylon  
  19  1:15  Probe (Chrono Boost)  
  20  1:19  Probe (Chrono Boost)  
  20  1:25  Photon Cannon  
  21  1:26  Photon Cannon  
  21  1:30  Probe  
  22  1:42  Probe  
  23  1:48  Photon Cannon  
  23  1:50  Pylon  
  23  1:54  Probe  
  24  2:06  Probe  
  25  2:10  Pylon  
  25  2:14  Pylon  
  25  2:17  Pylon  
  25  2:19  Pylon  
  25  2:20  Probe, Pylon  
  26  2:29  Photon Cannon  
  26  2:31  Photon Cannon  
  26  2:37  Photon Cannon  
  26  2:45  Pylon  
  26  2:52  Gateway  
  26  3:07  Probe  
  26  3:11  Nexus  
  27  3:16  Photon Cannon  
  27  3:17  Pylon  
  27  3:20  Pylon  
  27  3:22  Pylon  
  24  3:36  Probe (Chrono Boost)  
  24  3:45  Probe (Chrono Boost)  
  24  3:50  Probe (Chrono Boost)  
  25  4:01  Photon Cannon  
  25  4:02  Probe (Chrono Boost)  
  24  4:14  Probe (Chrono Boost)  
  24  4:22  Assimilator  
  24  4:24  Probe x2 (Chrono Boost)  
  27  4:33  Probe (Chrono Boost)  
  27  4:35  Cybernetics Core  
  27  4:37  Probe (Chrono Boost), Assimilator  
  29  4:46  Probe (Chrono Boost)  
  29  4:49  Probe (Chrono Boost)  
  30  4:55  Probe (Chrono Boost)  
  30  4:56  Probe (Chrono Boost)  
  30  4:59  Gateway  
  32  5:01  Assimilator  
  32  5:04  Assimilator  
  32  5:05  Probe x2  
  34  5:12  Warp Gate (Chrono Boost)  
  34  5:17  Probe  
  34  5:18  Probe  
  36  5:22  Pylon  
  36  5:29  Probe  
  36  5:30  Probe  
  38  5:41  Protoss Ground Weapons Level 1 (Chrono Boost)  
  37  5:47  Twilight Council  
  37  5:56  Probe (Chrono Boost), Gateway x2  
  36  6:06  Probe (Chrono Boost)  
  36  6:14  Probe (Chrono Boost)  
  36  6:16  Probe (Chrono Boost)  
  30  6:26  Dark Shrine  
  25  6:35  Probe x2  
  18  6:47  Probe (Chrono Boost)  
  18  6:59  Probe (Chrono Boost)  
  18  7:05  Zealot x3  
  18  7:07  Probe (Chrono Boost)  
  25  7:14  Probe  
  26  7:28  Nexus  
  26  7:30  Pylon  
  26  7:39  Dark Templar  
  26  7:40  Dark Templar x2  
  26  7:42  Probe  
  31  8:26  Dark Templar x2  
  35  8:37  Probe (Chrono Boost)  
  35  8:40  Probe (Chrono Boost)  
  39  8:48  Probe (Chrono Boost)  
  39  8:49  Probe (Chrono Boost)  
  39  8:53  Probe (Chrono Boost)  
  39  8:54  Probe (Chrono Boost)  
  41  9:03  Probe  
  41  9:08  Archon  
  42  9:11  Protoss Ground Weapons Level 2 (Chrono Boost)  
  42  9:14  Probe  
  42  9:15  Probe  
  36  9:26  Probe  
  36  9:27  Probe  
  36  9:28  Charge  
  38  9:39  Probe  
  38  9:40  Probe  
  38  9:43  Dark Templar  
  42  9:51  Probe  
  42  9:52  Probe  
  44  10:03  Probe  
  44  10:04  Probe  
  44  10:15  Probe  
  44  10:16  Probe  
  42  10:24  Assimilator  
  42  10:26  Assimilator  
  42  10:27  Probe  
  43  10:30  Pylon, Gateway, Nexus  
  43  10:31  Gateway  
  43  10:34  Gateway  
  43  10:42  Probe x2  
  45  10:44  Gateway  
  45  11:03  Zealot x2  
  45  11:04  Zealot  
  51  11:11  Probe  
  51  11:12  Probe  
  53  11:21  Templar Archives  
  53  11:24  Probe  
  52  11:31  Zealot x2  
  52  11:32  Zealot x4  
  58  12:00  High Templar x4  
  66  12:02  Zealot x3  
  66  12:04  Archon x2  
  72  12:20  Probe x3  
  75  12:23  Assimilator  
  75  12:25  Assimilator  
  75  12:34  Stalker x3  
  75  12:35  Stalker x4  
  89  12:47  Probe x3  
  90  12:59  Stalker x4  
Tags
 
Add a new tag
Caveats
  • Supply blocks, unpowered buildings, or Contaminate may cause inaccurate times.
  • Supply counts are checked every 10 seconds.